 Dungeon Crawl Stone Soup version 0.22-a0-265-g0d8bc90 (console) character file.

2072 Duffy the Geomancer (level 9, -3/78 HPs)
             Began as a Naga Earth Elementalist on Mar 8, 2018.
             Was a Believer of Vehumet.
             Slain by a wyvern (11 damage)
             ... on level 7 of the Dungeon.
             The game lasted 00:14:50 (7740 turns).

Duffy the Geomancer (Naga Earth Elementalist)       Turns: 7740, Time: 00:14:50

Health: -3/78      AC:  7    Str: 14    XL:     9   Next: 26%
Magic:  1/18       EV: 10    Int: 19    God:    Vehumet [**....]
Gold:   328        SH:  0    Dex: 12    Spells: 5/20 levels left

rFire    . . .     SeeInvis +   x - +7 short sword {pierce, +Rage Str+4}
rCold    . . .     Gourm    .   (no shield)
rNeg     + . .     Faith    .   A - +2 robe {MR+}
rPois    +         Spirit   .   (no helmet)
rElec    .         Reflect  .   u - +0 cloak
rCorr    .         Harm     .   (no gloves)
MR       ++...                  (no barding)
Stlth    ++........             (no amulet)
HPRegen  0.23/turn              h - ring of wizardry
MPRegen  0.16/turn              c - ring of positive energy

@: very slightly contaminated, very slow
A: large, see invisible, deformed body, poison resistance, slowness 2, slow
metabolism 1, spit poison 1, AC +3
a: Spit Poison, Renounce Religion, Evoke Berserk Rage


You were on level 7 of the Dungeon.
You worshipped Vehumet.
Vehumet was pleased with you.
You were not hungry.

You visited 1 branch of the dungeon, and saw 8 of its levels.

You collected 328 gold pieces.

Inventory:

Hand Weapons
 x - the +7 short sword "Wegh" (weapon) {pierce, +Rage Str+4}
   (You found it on level 4 of the Dungeon)

   It inflicts extra damage upon your enemies.
   It affects your strength (+4).
   It lets you go berserk.
Missiles
 b - 132 stones (quivered)
Armour
 j - a +2 shield
 u - a +0 cloak (worn)
 A - a +2 robe of magic resistance (worn)
Jewellery
 c - a ring of positive energy (right hand)
 h - a ring of wizardry (left hand)
 w - an uncursed ring of ice
 y - an uncursed ring of protection from fire
Wands
 l - a wand of digging (5)
Scrolls
 a - 2 scrolls of teleportation
 e - 2 scrolls of identify
 f - a scroll of enchant armour {unknown}
 i - a scroll of fog {unknown}
 k - 3 scrolls of remove curse
 n - a scroll of magic mapping {unknown}
 o - a scroll of enchant weapon {unknown}
 r - a scroll of fear
Potions
 g - a potion of curing
 m - a potion of magic
 p - 2 potions of cancellation
 q - a potion of resistance
 s - a potion of invisibility
 t - a potion of berserk rage
 v - a potion of haste
Comestibles
 d - 12 rations
 B - 3 chunks of flesh


   Skills:
 + Level 3.7 Fighting
 - Level 1.5 Dodging
 - Level 3.0 Stealth
 + Level 6.2 Spellcasting
 - Level 4.5 Conjurations
 - Level 1.0 Transmutations
 * Level 8.3 Earth Magic


You had 5 spell levels left.
You knew the following spells:

 Your Spells              Type           Power        Failure   Level  Hunger
a - Sandblast             Erth           #####.       1%          1    None
h - Stone Arrow           Conj/Erth      ####..       1%          3    ##.....
l - Lee's Rapid Deconstr  Erth           #####.....   4%          5    #####..
n - Petrify               Tmut/Erth      ###.....     6%          4    ####...
P - Passwall              Tmut/Erth      ###.......   1%          2    None


Dungeon Overview and Level Annotations

Branches:
Dungeon (8/15)             Temple (0/1) D:4
   Lair: D:8-11

Altars:
Ashenzari
Hepliaklqana
Makhleb
Nemelex Xobeh
Ru
Sif Muna
Trog
Vehumet
Wu Jian
Yredelemnul

Annotations:
D:5 Edmund


Innate Abilities, Weirdness & Mutations

You cannot wear boots.
Your serpentine skin is tough. (AC +3)
You have supernaturally acute eyesight. (SInv)
Armour fits poorly on your strangely shaped body.
Your system is resistant to poisons. (rPois)
You cover ground very slowly.
You have a slow metabolism.
You can spit poison.


Message History

Aim: a wyvern (almost dead)
You miscast Stone Arrow.
You are very lightly contaminated with residual magic.
You feel a surge of energy from the ground.
The wyvern bites you! The wyvern misses you.
You feel much better. The wyvern bites you!
Cast which spell? (? or * to list)
Aiming: Stone Arrow (safe; 1% risk of failure)
Press: ? - help, Shift-Dir - straight line, f/p - wyvern
Aim: a wyvern (almost dead)
The stone arrow misses the wyvern.
The stone arrow hits the orc warrior.
The orc warrior is lightly wounded.
The wyvern bites you. The wyvern bites you!
Cast which spell? (? or * to list)
Aiming: Stone Arrow (safe; 1% risk of failure)
Press: ? - help, Shift-Dir - straight line, f/p - wyvern
Aim: a wyvern (almost dead)
The stone arrow misses the wyvern.
The stone arrow misses the orc warrior.
The wyvern bites you!
You die...

..........#)..))..
######.#......... .
###.#######.#.......##
..
.....................
..
..#######.#.......##
#.#.# #.#.......##
#.... #.#.........
#....######.#........#
#....@lo....#........#
#....###...##........#
.......
#...##........#
.##....
##...##........# #####
#(.............#
#..............#
#..............#
#.o............#
#...............


You could see an orc warrior and a wyvern.

Vanquished Creatures
  The ghost of Duffy the Conjurer, a novice NaWz (D:6)
  A hippogriff (D:6)
  Duvessa (D:7)
  An ogre (D:4)
  A sky beast (D:5)
  2 orc warriors
  2 centaurs
  A bullfrog (D:7)
  A big kobold (D:7)
  Dowan (D:7)
  2 scorpions (D:4)
  A crimson imp (D:6)
  A centaur skeleton (D:6)
  A bullfrog skeleton (D:7)
  Terence (D:2)
  2 iguanas
  4 orc wizards
  5 worker ants
  A hound skeleton (D:5)
  11 adders
  3 gnolls (D:3)
  2 shadow imps
  An ooze (D:1)
  An adder skeleton (D:6)
  2 worms
  3 dart slugs
  A leopard gecko (D:2)
  25 orcs
  3 ball pythons
  8 giant cockroaches
  9 goblins
  9 hobgoblins
  2 jackals (D:2)
  7 kobolds
  2 quokkas
  4 bats
  6 frilled lizards
  A jackal zombie (D:7)
  A leopard gecko skeleton (D:5)
  6 rats
137 creatures vanquished.

Notes
Turn   | Place    | Note
-------+----------+-------------------------------------------
     0 | D:1      | Duffy the Naga Earth Elementalist began the quest for the Orb.
     0 | D:1      | Reached XP level 1. HP: 15/15 MP: 3/3
   343 | D:1      | Reached XP level 2. HP: 22/22 MP: 5/5
   347 | D:1      | Learned a level 2 spell: Passwall
  1058 | D:2      | Reached XP level 3. HP: 28/28 MP: 6/6
  1063 | D:2      | Learned a level 3 spell: Stone Arrow
  1365 | D:2      | Reached skill level 1 in Conjurations
  1365 | D:2      | Reached XP level 4. HP: 35/36 MP: 4/8
  1440 | D:2      | Noticed Terence
  1472 | D:2      | Killed Terence
  1472 | D:2      | Reached skill level 4 in Earth Magic
  1812 | D:2      | Found a shattered altar of Ashenzari.
  1812 | D:2      | Found a deep blue altar of Sif Muna.
  1818 | D:2      | Reached XP level 5. HP: 40/42 MP: 9/9
  1826 | D:2      | Found an ornate altar of the Wu Jian Council.
  1828 | D:2      | Found a sacrificial altar of Ru.
  1828 | D:2      | Found a sparkling altar of Nemelex Xobeh.
  1829 | D:2      | Found a basalt altar of Yredelemnul.
  1830 | D:2      | Found a radiant altar of Vehumet.
  1833 | D:2      | Found a hazy altar of Hepliaklqana.
  1839 | D:2      | Became a worshipper of Vehumet
  2659 | D:3      | Noticed a centaur
  3137 | D:3      | Killed a centaur
  3137 | D:3      | Reached XP level 6. HP: 49/49 MP: 11/11
  3296 | D:3      | Found a bloodstained altar of Trog.
  3368 | D:3      | Learned a level 5 spell: Lee's Rapid Deconstruction
  3442 | D:3      | Reached * piety under Vehumet
  3442 | D:3      | Offered knowledge of Magic Dart by Vehumet.
  4147 | D:3      | Found a burning altar of Makhleb.
  4507 | D:4      | Reached skill level 5 in Earth Magic
  4618 | D:4      | Reached XP level 7. HP: 49/55 MP: 2/13
  4720 | D:4      | Found a staircase to the Ecumenical Temple.
  4828 | D:4      | Got a warped short sword
  4829 | D:4      | Identified the +7 short sword "Wegh" {pierce, +Rage Str+4} (You found it on level 4 of the Dungeon)
  4969 | D:4      | Learned a level 4 spell: Petrify
  5085 | D:5      | Entered Level 5 of the Dungeon
  5266 | D:5      | Offered knowledge of Shock by Vehumet.
  5381 | D:5      | Noticed Edmund
  5441 | D:6      | Reached ** piety under Vehumet
  5441 | D:6      | Reached skill level 5 in Spellcasting
  5559 | D:6      | Reached skill level 6 in Earth Magic
  5559 | D:6      | Reached XP level 8. HP: 53/62 MP: 15/15
  5782 | D:6      | Noticed a hippogriff
  5790 | D:6      | Killed a hippogriff
  5790 | D:6      | Reached skill level 1 in Fighting
  6293 | D:6      | Noticed Duffy's ghost (novice NaWz)
  6308 | D:6      | Killed Duffy's ghost
  6308 | D:6      | Reached skill level 7 in Earth Magic
  7043 | D:7      | Reached XP level 9. HP: 69/75 MP: 15/17
  7153 | D:7      | Noticed Dowan
  7170 | D:7      | Killed Dowan
  7301 | D:7      | Noticed Duvessa
  7351 | D:7      | Killed Duvessa
  7351 | D:7      | Reached skill level 8 in Earth Magic
  7740 | D:7      | Slain by a wyvern

Vault maps used:
D:1:      dpeg_arrival_lava_altar
D:2:      minitemple, uniq_terence
D:3:      makhleb_grotto_becter, trog_book
D:4:      minmay_temple_entry_grid, kennysheep_small_square
D:5:      first_ration, uniq_grinder, uniq_edmund
D:6:      lemuel_old_faithful
D:7:      cheibrodos_wizards_tower, basic_altar, uniq_duvessa

Skill      XL: |  1  2  3  4  5  6  7  8  9 |
---------------+----------------------------+-----
Conjurations   | 1 2 3 4 |  4.5
Spellcasting   | 3 4 5 6 |  6.2
Earth Magic    | 4 5 6 7 8 |  8.3
Fighting       | 3 |  3.7
Dodging        | |  1.5
Stealth        | |  3.0
Transmutations | |  1.0

Action                   |  1- 3 |  4- 6 |  7- 9 || total
-------------------------+-------+-------+-------++-------
Melee: Short sword       |       |   119 |    96 ||   215
 Cast: Sandblast         |    12 |    22 |    16 ||    50
       Stone Arrow       |       |    31 |    45 ||    76
 Abil: Spit Poison       |    29 |    30 |     8 ||    67
Evoke: Wand              |       |     6 |     1 ||     7
  Use: Potion            |       |     1 |     3 ||     4
       Scroll            |       |     8 |     7 ||    15
 Stab: Sleeping          |       |     2 |     5 ||     7
  Eat: Chunk             |     2 |    12 |     8 ||    22
       Ration            |       |       |     1 ||     1
Armor: Robe              |     2 |    52 |    31 ||    85
Dodge: Dodged            |    16 |    79 |    60 ||   155

Table legend:
 A = Spawn XP
 B = Non-spawn XP
 C = Spawn XP percentage of total XP
 D = Spawn monster count
 E = Non-spawn monster count
 F = Spawn count percentage of total count
 G = Total turns spent on level
                    A         B        C        D         E        F      G
               +---------+---------+-------+---------+---------+-------+---------
         Total |       0 |    2961 |   0.0 |       0 |     137 |   0.0 |  7740
               +---------+---------+-------+---------+---------+-------+---------
           D:1 |       0 |      30 |   0.0 |       0 |      15 |   0.0 |  1229
           D:2 |       0 |     205 |   0.0 |       0 |      35 |   0.0 |  1818
           D:3 |       0 |     264 |   0.0 |       0 |      29 |   0.0 |  1455
           D:4 |       0 |     373 |   0.0 |       0 |      12 |   0.0 |   592
           D:5 |       0 |     164 |   0.0 |       0 |       5 |   0.0 |   333
           D:6 |       0 |    1301 |   0.0 |       0 |      25 |   0.0 |  1461
           D:7 |       0 |     624 |   0.0 |       0 |      16 |   0.0 |   794
               +---------+---------+-------+---------+---------+-------+---------
